 Dungeon Crawl Stone Soup version 0.24.0-1-gfbc8707122 (webtiles) character file.

Game seed: 3396354700529621871, levelgen mode: deterministic

98 Froggeryz the Cudgeler (level 4, 0/28 HPs)
             Began as a Gargoyle Abyssal Knight on Oct 27, 2019.
             Was a Believer of Lugonu.
             Slain by an iguana (12 damage)
             ... on level 4 of the Dungeon.
             The game lasted 00:04:11 (2354 turns).

Froggeryz the Cudgeler (Gargoyle Abyssal Knight)    Turns: 2354, Time: 00:04:12

Health: 0/28       AC:  6    Str: 16    XL:     4   Next: 71%
Magic:  5/5        EV: 11    Int: 13    God:    Lugonu [**....]
Gold:   81         SH:  0    Dex:  9    Spells: 3/3 levels left

rFire    . . .     SeeInvis .   a - +1 mace
rCold    . . .     Gourm    +   (no shield)
rNeg     + . .     Faith    .   b - +0 leather armour
rPois    ∞         Spirit   .   (no helmet)
rElec    +         Reflect  .   (no cloak)
rCorr    .         Harm     .   (no gloves)
MR       .....                  (no boots)
Stlth    +.........             h - amulet of the gourmand
HPRegen  0.09/turn              (no ring)
MPRegen  0.09/turn              (no ring)

@: no status effects
A: negative energy resistance 1, electricity resistance, unbreathing,
petrification resistance, rot immunity, AC +3
a: Depart the Abyss, Bend Space, Renounce Religion


You were on level 4 of the Dungeon.
You worshipped Lugonu.
Lugonu was pleased with you.
You were not hungry.

You visited 1 branch of the dungeon, and saw 5 of its levels.
You visited the Abyss 1 time.

You collected 81 gold pieces.

Inventory:

Hand Weapons
 a - a +1 mace (weapon)
Armour
 b - a +0 leather armour (worn)
 q - a +0 shield
Jewellery
 h - an amulet of the gourmand (around neck)
Wands
 l - a wand of flame (24)
Scrolls
 d - 4 scrolls of fog {unknown}
 f - a scroll of fear {unknown}
 i - 2 scrolls of identify {unknown}
 n - a scroll of enchant weapon {unknown}
 o - 2 scrolls of remove curse {unknown}
 p - a scroll of immolation {unknown}
 r - a scroll of blinking {unknown}
Potions
 e - a potion of lignification {unknown}
 g - a potion of brilliance {unknown}
 j - a potion of flight {unknown}
 k - a potion of curing {unknown}
 m - 2 potions of agility {unknown}
 s - a potion of degeneration {unknown}
 t - 2 potions of haste {unknown}
Comestibles
 c - a ration


   Skills:
 - Level 3.2 Fighting
 * Level 4.7 Maces & Flails
 - Level 2.1 Armour
 - Level 0.7 Dodging
 - Level 2.0 Invocations


You had 3 spell levels left.
You didn't know any spells.
Your spell library was empty.

Dungeon Overview and Level Annotations

Branches:
Dungeon (5/15)
 Temple: D:4-7

Altars:
Gozag
Qazlal
Vehumet
The Shining One


Innate Abilities, Weirdness & Mutations

You are resistant to torment.
Your stone body is resilient. (AC +3)
You are immune to poison.
You resist negative energy. (rN+)
You are resistant to electric shocks. (rElec)
You can survive without breathing.
You are immune to petrification.
You are immune to rotting.


Message History

The adder bites you but does no damage. The iguana bites you.
The adder barely misses you.
You thump the adder!
The adder is severely wounded.
The adder bites you but does no damage. The iguana bites you!
You are too injured to fight recklessly!
You are too injured to fight recklessly!
You closely miss the adder.
The adder is severely wounded.
The adder barely misses you. The iguana misses you.
The adder bites you but does no damage.
You closely miss the adder.
The adder is severely wounded.
The iguana closely misses you. The adder closely misses you.
The iguana misses you.
You hit the adder.
The adder is severely wounded.
The adder bites you but does no damage. The adder closely misses you.
The iguana bites you!
You die...

##.#...#..#.#..#..
##.#.............. #
.#..!....l...... .#
##.#.....................
#.#....... ..... .......
.#....... ..? #.....
#.......# #.# #....
.......l######+######....
.......S@.........[......
.........................
...#####.................
## #.......##########
#.......# #.......#
#.......# #.......#
#.......#


You could see an iguana and an adder.

Vanquished Creatures
  4 adders
  A worm (D:2)
  2 leopard geckos
  5 giant cockroaches
  5 goblins
  11 hobgoblins
  2 jackals (D:1)
  7 kobolds
  3 quokkas (D:2)
  6 bats
  2 frilled lizards (D:1)
  5 rats
53 creatures vanquished.

Notes
Turn   | Place    | Note
-------+----------+-------------------------------------------
     0 | Abyss:1  | Froggeryz the Gargoyle Abyssal Knight began the quest for
                  | the Orb.
     0 | Abyss:1  | Reached XP level 1. HP: 14/14 MP: 2/2
    54 | Abyss:1  | Noticed a wretched star
    55 | Abyss:1  | Noticed a spatial maelstrom
    55 | Abyss:1  | Noticed a spatial vortex
    55 | Abyss:1  | Noticed a spatial vortex
    59 | D:1      | Escaped the Abyss
   145 | D:1      | Reached * piety under Lugonu
   151 | D:1      | Reached XP level 2. HP: 9/19 MP: 3/3
   339 | D:1      | Found a glowing golden altar of the Shining One.
   358 | D:1      | Reached skill level 3 in Maces & Flails
   797 | D:1      | Reached XP level 3. HP: 23/23 MP: 4/4
  1057 | D:2      | Found a stormy altar of Qazlal.
  1057 | D:2      | Found an opulent altar of Gozag.
  1465 | D:2      | Reached skill level 4 in Maces & Flails
  1610 | D:2      | Reached XP level 4. HP: 27/28 MP: 5/5
  1927 | D:2      | Found a faded altar of an unknown god.
  1931 | D:2      | Reached ** piety under Lugonu
  2180 | D:3      | You fall into a shaft and drop 2 floors!
  2180 | D:5      | Entered Level 5 of the Dungeon
  2206 | D:4      | Found a radiant altar of Vehumet.
  2354 | D:4      | Slain by an iguana

Levels and vault maps discovered:
D:1:      lightli_arrival_quake, layout_basic, tso_altar
D:2:      layout_loops_ring, grunt_temple_overflow_open,
          chequers_ecumenical_altar_simple
D:3:      layout_loops_corners, gammafunk_temple_overflow_statue, first_ration,
          uniq_jessica
D:4:      wad_pebble_path, layout_rooms, vehumet_altar_wand_db,
          minmay_temple_entry_ruins, uniq_eustachio
D:5:      cheibrodos_fertilizer, layout_basic

Skill      XL: |  1  2  3 |
---------------+----------+-----
Maces & Flails | 3 4 |  4.7
Fighting       | |  3.2
Armour         | |  2.1
Dodging        | |  0.7
Invocations    | |  2.0

Action                   |  1- 3 |  4- 6 || total
-------------------------+-------+-------++-------
Melee: Mace              |   118 |    59 ||   177
Throw: Stone             |     3 |       ||     3
Invok: Depart the Abyss  |     1 |       ||     1
  Eat: Chunk             |     2 |     4 ||     6
Armor: Leather armour    |    60 |    23 ||    83
Dodge: Dodged            |    93 |    43 ||   136
